 Dungeon Crawl Stone Soup version 0.16.0-6-gad6103a (webtiles) character file.

189 CrazyArbalest the Bolt Thrower (level 5, -1/42 HPs)
             Began as a Centaur Hunter on Mar 15, 2015.
             Slain by a slave (7 damage)
             ... led by Pikel
             ... on level 4 of the Dungeon.
             The game lasted 00:27:07 (3903 turns).

CrazyArbalest the Bolt Thrower (Centaur Hunter)     Turns: 3903, Time: 00:27:07

Health: -1/42      AC:  4    Str: 14    XL:     5   Next: 40%
Magic:  4/4        EV:  9    Int: 10    God:
Gold:   88         SH:  0    Dex: 11    Spells: 0 memorised, 4 levels left

rFire  . . .     SeeInvis .     b - +1 hand crossbow
rCold  . . .     Clarity  .     d - +0 leather armour
rNeg   . . .     SustAb   .     (no shield)
rPois  .         Gourm    .     (no helmet)
rElec  .         Spirit   .     (no cloak)
rCorr  .         Warding  .     (no gloves)
rMut   .         Stasis   .     (no barding)
MR     .....                    (no amulet)
Stlth  +.........               (no ring)
                                (no ring)

@: very quick, not resistant to hostile enchantments, very unstealthy
A: hooves 3, deformed body, speed 2, tough skin 3
a: no special abilities


You were on level 4 of the Dungeon.
You were not hungry.

You visited 1 branch of the dungeon, and saw 4 of its levels.

You collected 88 gold pieces.

Inventory:

Hand weapons
 a - a +0 short sword
 b - a +1 hand crossbow (weapon)
 m - a +0 whip
Missiles
 c - 31 bolts (quivered)
 k - 84 stones
 o - 15 sling bullets
 t - 4 tomahawks
Armour
 d - a +0 leather armour (worn)
 z - a +0 ring mail
 A - a +0 buckler
Jewellery
 e - a +5 ring of dexterity {unknown}
 B - an uncursed ring of protection from magic {unknown}
Magical devices
 C - a wand of flame (7)
Scrolls
 g - a scroll of fear {unknown}
 i - a scroll of immolation {unknown}
 j - a scroll of identify {unknown}
 l - a scroll of random uselessness {unknown}
 p - 2 scrolls of amnesia
 r - a scroll of magic mapping {unknown}
 s - a scroll of teleportation
 u - a scroll of recharging {unknown}
 y - a scroll of remove curse {unknown}
Potions
 n - 2 potions of degeneration {unknown}
 q - a potion of heal wounds {unknown}
 w - a potion of ambrosia {unknown}
 x - a potion of curing
Comestibles
 f - 2 bread rations
 h - 10 chunks of flesh
 v - 3 meat rations


   Skills:
 + Level 2.4 Fighting
 + Level 1.0 Short Blades
 * Level 6.2 Crossbows
 + Level 1.3 Armour
 + Level 1.8 Dodging
 + Level 0.6 Stealth


You had 4 spell levels left.
You didn't know any spells.

Dungeon Overview and Level Annotations

Branches:
Dungeon (4/15)
 Temple: D:4-7

Altars:
Makhleb
Vehumet
Xom
Zin
The Shining One

Annotations:
D:4 Pikel


Innate Abilities, Weirdness & Mutations

You have hooves in place of feet.
Armour fits poorly on your strangely shaped body.
You cover ground very quickly.
You have extremely tough skin (AC +3).


Message History

Firing (i - inventory. (,) - cycle):
c - 34 bolts (quivered)
Press: ? - help, Shift-Dir - straight line, f/p - iguana
Aim: an iguana You shoot a bolt.
The bolt hits the iguana!
The iguana is severely wounded.
The slave hits you. The iguana bites you!
* * * LOW HITPOINT WARNING * * *
Firing (i - inventory. (,) - cycle):
c - 33 bolts (quivered)
Press: ? - help, Shift-Dir - straight line, f/p - iguana
Aim: an iguana (severely wounded)
You shoot a bolt. The bolt closely misses the iguana.
The slave hits you!
* * * LOW HITPOINT WARNING * * *
The iguana closely misses you.
Firing (i - inventory. (,) - cycle):
c - 32 bolts (quivered)
Press: ? - help, Shift-Dir - straight line, f/p - iguana
Aim: an iguana (severely wounded)
You shoot a bolt. The bolt hits the iguana.
The iguana is severely wounded.
The slave hits you!
You die...

#####. #># #..p.. #.#
#.#### #.# #.# #.# ##.##
#.########...###
.########.##........p...
.......l(#.##(#####...###
#. #@#.##.######.##
.##.###p#.#.........#
..............########
.#...(.......#
...###..###### ########
## #..#########.......
#.(..........######
.[..ยง...###########
########


You could see a slave and an iguana.

Vanquished Creatures
  An iguana (D:4)
  7 adders
  A giant mite (D:3)
  A worm (D:3)
  7 orcs
  2 ball pythons
  2 bat skeletons (D:4)
  2 giant cockroaches
  8 goblins
  8 hobgoblins
  7 jackals
  2 quokkas (D:3)
  8 bats
  7 giant newts
  A jackal skeleton (D:4)
  9 kobolds
  13 rats
86 creatures vanquished.

Notes
Turn   | Place    | Note
--------------------------------------------------------------
     0 | D:1      | CrazyArbalest, the Centaur Hunter, began the quest for the Orb.
     0 | D:1      | Reached XP level 1. HP: 17/17 MP: 1/1
   438 | D:1      | Found a glowing golden altar of the Shining One.
   636 | D:1      | Reached XP level 2. HP: 24/24 MP: 2/2
   815 | D:1      | Reached skill level 5 in Crossbows
  1277 | D:2      | Reached XP level 3. HP: 20/29 MP: 3/3
  1540 | D:2      | You fall through a shaft for 2 floors!
  1581 | D:4      | Noticed a slave
  1582 | D:4      | Noticed a slave
  1584 | D:4      | Noticed Pikel
  1856 | D:2      | Reached XP level 4. HP: 26/36 MP: 3/3
  2154 | D:2      | Found a shimmering altar of Xom.
  2158 | D:2      | Found a radiant altar of Vehumet.
  2161 | D:2      | Found a burning altar of Makhleb.
  2191 | D:2      | Found a glowing silver altar of Zin.
  2768 | D:3      | Reached skill level 1 in Armour
  3118 | D:3      | Reached skill level 6 in Crossbows
  3118 | D:3      | Reached XP level 5. HP: 42/42 MP: 4/4
  3483 | D:4      | Noticed a slave
  3545 | D:4      | Noticed a slave
  3746 | D:4      | Reached skill level 1 in Short Blades
  3903 | D:4      | Slain by a slave

Action                   |  1- 3 |  4- 6 || total
-------------------------+-------+-------++-------
Melee: Short sword       |    96 |    82 ||   178
 Fire: Hand crossbow     |    20 |    41 ||    61
Throw: Stone             |     5 |       ||     5
  Use: Scroll            |       |     2 ||     2
       Potion            |       |     2 ||     2
 Stab: Distracted        |       |     1 ||     1
  Eat: Chunk             |     2 |     5 ||     7
